 Dungeon Crawl Stone Soup version 0.31-a0-700-gf13585253f (webtiles) character file.

Game seed: 3824515705890033227

205 qw the Shooter (level 5, 0/33 HPs)
             Began as a Gargoyle Hunter on Sept 7, 2023.
             Slain by Grinder (1 damage)
             ... on level 3 of the Dungeon.
             The game lasted 00:00:46 (2276 turns).

qw the Shooter (Gargoyle Hunter)                    Turns: 2276, Time: 00:00:46

Health: 0/33       AC:  6    Str: 15    XL:     5   Next: 83%
Magic:  5/5        EV: 12    Int:  9    God:
Gold:   167        SH:  0    Dex: 15    Spells: 4/4 levels left

rFire   + . .        Y - +1 shortbow
rCold   + . .        (shield currently unavailable)
rNeg    + . .        g - +0 robe {rC+ rF+}
rPois   inf          (no helmet)
rElec   +            (no cloak)
rCorr   .            (no gloves)
SInv    .            (no boots)
Will    .....        (no amulet)
Stlth   ++           (no ring)
HPRegen 0.25/turn    (no ring)
MPRegen 0.09/turn

%: no passive effects
@: slowed, very slow
A: sickness immunity, AC +4, negative energy resistance 1, electricity
resistance, torment resistance 1, petrification resistance
a: no special abilities


You were on level 3 of the Dungeon.
You visited 1 branch of the dungeon, and saw 3 of its levels.

You collected 167 gold pieces.


Innate Abilities, Weirdness & Mutations

You are immune to sickness and miasma.
Your stone body is resilient. (AC +4)
You are immune to poison.
You resist negative energy. (rN+)
You are resistant to electric shocks. (rElec)
You are resistant to unholy torment.
You are immune to petrification.


   Skills:
 + Level 3.8 Fighting
 - Level 6.2 Ranged Weapons
 - Level 1.5 Dodging
 - Level 1.1 Stealth


You had 4 spell levels left.
You didn't know any spells.
Your spell library was empty.

Inventory:

Hand Weapons
 Y - a +1 shortbow (weapon)
Armour
 c - a +0 leather armour
 f - a +0 ring mail
 g - a +0 robe of resistance (worn)
Jewellery
 d - an amulet of guardian spirit
Scrolls
 a - a scroll of identify
 h - a scroll of fear {unknown}
Potions
 b - a potion of haste {unknown}
 e - a potion of berserk rage {unknown}
 i - a potion of magic {unknown}
 j - 2 potions of might {unknown}

Dungeon Overview and Level Annotations

Branches:
Dungeon (3/15)

Altars:
Makhleb

Shops:
D:3 [

Annotations:
D:3 Grinder, Natasha


Message History

Natasha is almost dead.
Natasha closely misses you.
Enter note:
Enter note:
2267 |||
Found retreat position at 1,0 (floor) with 0 blocking monsters and 1 monsters attacking at destination at distance 1
2267 ||| Stepping ~*~*~tactically~*~*~ (retreating).
Natasha stares at you and mumbles some strange words.
The magic dart hits you! Natasha casts a spell at you. The magic dart hits you.
You shoot an arrow. The arrow hits Natasha.
Natasha is almost dead.
You shoot an arrow. The arrow closely misses Grinder.
You shoot an arrow.
The arrow hits Grinder but does no damage.
Grinder is heavily wounded.
Grinder hits you.
You writhe in agony.
Grinder blinks!
Natasha casts a spell.
You shoot an arrow. The arrow barely misses Natasha.
You shoot an arrow. The arrow hits the endoplasm!
You kill the endoplasm!
Natasha casts a spell.
The cerulean imp hits you but does no damage.
Natasha stares at you and mumbles some strange words.
The magic dart hits you.
The cerulean imp hits you but does no damage.
You shoot an arrow. The arrow barely misses Natasha.
Natasha mumbles some strange words.
You shoot an arrow. The arrow misses the cerulean imp.
The arrow closely misses Natasha.
The cerulean imp hits you from afar with a +0 spear.
2275 |||
Found retreat position at 1,0 (floor) with 0 blocking monsters and 2 monsters attacking at destination at distance 1
Enter note:
Enter note:
2275 ||| Stepping ~*~*~tactically~*~*~ (retreating).
You shoot an arrow. The arrow barely misses Grinder.
The arrow barely misses Natasha.
Grinder hits you.
You writhe in agony.
You die...
Grinder says, "Now the real fun starts!"

###########
#5h5@.....#
###.#######.#
.\....5..#### #.#
.......5....###.#
.#...##.........#
##.#
##.##.#########
... .##.h.......#
###.
###..######.#
##'# ##..^## #.#


You could see Grinder, Natasha and a cerulean imp (summoned).

Vanquished Creatures
  2 orc priests (D:3)
  Natasha (twice) (D:3)
  4 adders
  3 worms
  3 orcs (D:3)
  5 endoplasms
  2 giant cockroaches (D:1)
  7 goblins
  5 hobgoblins
  3 jackals (D:2)
  5 kobolds
  A quokka (D:1)
  2 ball pythons
  3 bats
  4 rats
51 creatures vanquished.

Notes
Turn   | Place    | Note
-------+----------+-------------------------------------------
     0 | D:1      | qw the Gargoyle Hunter began the quest for the Orb.
     0 | D:1      | Reached XP level 1. HP: 12/12 MP: 1/1
     0 | D:1      | 0 ||| qw: Version: 0.3-a-76-g4403597
     0 | D:1      | 0 ||| qw: Game counter: 621
     0 | D:1      | 0 ||| qw: Melee chars always use a shield: true
     0 | D:1      | 0 ||| qw: God list: Okawaru
     0 | D:1      | 0 ||| qw: Allow faded altars: false
     0 | D:1      | 0 ||| qw: Do Orc after clearing Dungeon:15 true
     0 | D:1      | 0 ||| qw: Do second Lair branch before Depths: true
     0 | D:1      | 0 ||| qw: Lair rune preference: random
     0 | D:1      | 0 ||| qw: Goals: Normal
     0 | D:1      | 0 ||| PLANNING D:1-11
   163 | D:1      | Reached XP level 2. HP: 17/17 MP: 2/2
   597 | D:1      | 597 ||| UPGRADING to +0 robe of resistance.
   607 | D:1      | 607 ||| READING 2 scrolls labelled GAB NARIUG.
   608 | D:1      | 608 ||| READING scroll labelled YPI VUWULL.
   609 | D:1      | 609 ||| DROPPING scroll of butterflies.
   746 | D:2      | Reached XP level 3. HP: 21/21 MP: 3/3
   766 | D:2      | Reached skill level 5 in Ranged Weapons
  1130 | D:2      | Reached skill level 3 in Fighting
  1201 | D:2      | Reached XP level 4. HP: 28/28 MP: 4/4
  1512 | D:2      | 1512 ||| READING scroll labelled MUXADEIMNI.
  1513 | D:2      | 1513 ||| READING scroll labelled MAUSSUMPAT.
  1514 | D:2      | 1514 ||| DRINKING 2 coppery potions.
  1515 | D:2      | 1515 ||| READING 2 scrolls of identify.
  1515 | D:2      | 1515 ||| IDENTIFYING orange potion
  1516 | D:2      | 1516 ||| DROPPING potion of degeneration.
  1517 | D:2      | 1517 ||| DROPPING potion of attraction.
  1552 | D:3      | Noticed Natasha
  1556 | D:3      | Killed Natasha
  1598 | D:3      | Found a faded altar of an unknown god.
  1654 | D:3      | Noticed Natasha
  1660 | D:3      | Killed Natasha
  1661 | D:3      | Reached XP level 5. HP: 27/32 MP: 5/5
  1683 | D:3      | Found a burning altar of Makhleb.
  1683 | D:3      | Noticed an Executioner
  1690 | D:3      | 1690 ||| Stepping ~*~*~tactically~*~*~ (outnumbered).
  1694 | D:3      | 1694 ||| Stepping ~*~*~tactically~*~*~ (outnumbered).
  1696 | D:3      | 1696 ||| Stepping ~*~*~tactically~*~*~ (outnumbered).
  1707 | D:3      | Reached skill level 6 in Ranged Weapons
  1710 | D:3      | HP: 7/32 [orc priest/divine providence (11)]
  2256 | D:3      | Found Natzojan's Armour Emporium.
  2256 | D:3      | Noticed Grinder
  2258 | D:3      | Noticed Natasha
  2259 | D:3      | 2259 ||| Stepping ~*~*~tactically~*~*~ (retreating).
  2267 | D:3      | 2267 ||| Stepping ~*~*~tactically~*~*~ (retreating).
  2272 | D:3      | HP: 6/33 [Natasha/magic dart (4)]
  2275 | D:3      | 2275 ||| Stepping ~*~*~tactically~*~*~ (retreating).
  2276 | D:3      | HP: 1/33 [Grinder (4)]
  2276 | D:3      | Slain by Grinder

Levels and vault maps discovered:
D:1:      grunt_arrival_lava_bath, layout_loops_ring
D:2:      layout_basic, hex_intersection
D:3:      minmay_general_purpose_star, layout_loops_corners,
          makhleb_altar_promises_db, nicolae_ecumenical_lake_church,
          serial_shops, shop, uniq_natasha, uniq_grinder

Skill      XL: |  1  2  3  4  5 |
---------------+----------------+-----
Ranged Weapons | 5 6 |  6.2
Fighting       | 3 |  3.8
Dodging        | |  1.5
Stealth        | |  1.1

Action                     |  1- 3 |  4- 6 || total
---------------------------+-------+-------++-------
   Fire: Shortbow          |    90 |   101 ||   191
    Use: Scroll            |     2 |     3 ||     5
         Potion            |       |     1 ||     1
 Armour: Leather armour    |     2 |       ||     2
         Robe              |    26 |    34 ||    60
  Dodge: Dodged            |    31 |    23 ||    54

Table legend:
 A = Non-vault XP
 B = Vault XP
 C = Vault XP percentage of total XP
 D = Non-vault monster count
 E = Vault monster count
 F = Vault count percentage of total count
                 A         B        C        D         E       F
            +---------+---------+-------+---------+---------+-------
      Total |     256 |      37 |  12.6 |      49 |       2 |   3.9
            +---------+---------+-------+---------+---------+-------
        D:1 |      24 |       0 |   0.0 |      14 |       0 |   0.0
        D:2 |      79 |       0 |   0.0 |      22 |       0 |   0.0
        D:3 |     153 |      37 |  19.5 |      13 |       2 |  13.3
            +---------+---------+-------+---------+---------+-------
